AoeStats
← | ArCas | Toruk Makto

Arena

504914782Analyzed
4v4 RM · 26d ago on Sep 7, 2026· 47m 33s· 8 players
Game mode
Random Map
Map size
Large (8 player)
Population
200
Speed
Normal
Resources
Standard
Victory
Conquest
Starting age
Dark Age
Ending age
Imperial Age
RankedLock teamsTeams togetherTeam positionsShared explorationLock speedFull tech treeHidden civsTurbo modeCheats
Victory
Defeat
🇦🇷 Malay · Argentina
1296
+14
🇦🇷 Malians · Argentina
1243
+16
🇺🇸 Celts · United States
1196
+18
🇨🇴 Gurjaras · Colombia
1180
+19
🇨🇦 Mongols · Canada
1318
-20
🇨🇦 Persians · Canada
1239
-17
🇨🇳 Burmese · China
1215
-16
🇨🇦 Vikings · Canada
1189
-14
daxbordeaux
11:13 Feudal Age
11:53 Double-Bit Axe
13:06 Loom
16:01 Castle Age
15:43 Horse Collar
17:38 Wheelbarrow
18:12 Bow Saw
22:04 Arson
29:18 Forging
31:42 Pikeman
34:56 Imperial Age
32:30 Scale Mail Armor
33:15 Heavy Plow
34:22 Iron Casting
34:02 Chain Mail Armor
34:31 Hand Cart
36:00 Conscription
35:32 Heavy Scorpion
35:55 Halberdier
38:11 Plate Mail Armor
38:41 Blast Furnace
37:49 Capped Ram
39:55 Furor Celtica
43:20 Siege Ram
44:09 Siege Engineers
45:05 Chemistry
44:59 Elite Woad Raider
Paspian
10:36 Feudal Age
14:22 Castle Age
12:34 Double-Bit Axe
14:34 Loom
17:23 Scale Mail Armor
18:03 Horse Collar
18:37 Bow Saw
18:58 Heavy Plow
22:56 Chain Mail Armor
25:17 Town Watch
25:46 Gold Mining
27:22 Wheelbarrow
26:45 Stone Mining
28:58 Hand Cart
33:18 Imperial Age
32:22 Fletching
33:49 Town Patrol
34:28 Conscription
36:22 Chemistry
37:23 Bloodlines
37:14 Husbandry
36:34 Heavy Camel Rider
37:21 Scale Barding Armor
37:26 Forging
39:10 Farimba
40:33 Chain Barding Armor
40:48 Iron Casting
40:38 Light Cavalry
41:47 Caravan
45:36 Plate Barding Armor
45:04 Padded Archer Armor
| ArCas | Toruk Makto
12:33 Feudal Age
15:34 Castle Age
13:40 Double-Bit Axe
13:42 Horse Collar
14:20 Loom
21:56 Fletching
22:47 Wheelbarrow
22:13 Squires
22:29 Forging
25:47 Imperial Age
24:23 Wheelbarrow
24:02 Forging
23:43 Fletching
24:31 Gold Mining
25:15 Town Watch
25:46 Murder Holes
27:13 Pikeman
29:43 Bow Saw
30:41 Halberdier
32:06 Iron Casting
32:29 Conscription
35:37 Hand Cart
35:54 Squires
35:39 Arson
35:57 Bodkin Arrow
38:05 Blast Furnace
38:06 Arson
40:12 Forced Levy
39:45 Sappers
40:30 Bracer
40:47 Heavy Plow
42:37 Man-at-Arms
43:32 Town Patrol
43:24 Stone Mining
44:09 Gold Shaft Mining
44:40 Padded Archer Armor
44:21 Long Swordsman
45:14 Two-Handed Swordsman
47:26 Crop Rotation
47:34 Stone Shaft Mining
jhoncondep
11:54 Feudal Age
16:20 Castle Age
14:52 Double-Bit Axe
15:21 Horse Collar
24:12 Gold Mining
24:10 Loom
25:42 Wheelbarrow
25:35 Town Watch
26:57 Bow Saw
30:29 Imperial Age
29:05 Hand Cart
28:59 Scale Barding Armor
29:09 Forging
29:37 Kshatriyas
29:55 Stone Mining
30:41 Gold Shaft Mining
30:28 Chain Barding Armor
31:06 Iron Casting
31:33 Bloodlines
31:24 Husbandry
31:10 Heavy Camel Rider
31:12 Elite Shrivamsha Rider
31:14 Light Cavalry
32:44 Conscription
33:09 Plate Barding Armor
36:56 Hussar
38:36 Caravan
46:40 Frontier Guards
Discharge
10:12 Feudal Age
13:48 Castle Age
13:32 Double-Bit Axe
13:31 Horse Collar
16:03 Loom
18:58 Scale Barding Armor
21:59 Bow Saw
22:19 Gold Mining
23:28 Wheelbarrow
24:06 Bloodlines
24:25 Husbandry
26:05 Hand Cart
27:28 Gold Shaft Mining
27:12 Forging
28:07 Chain Barding Armor
28:56 Iron Casting
34:52 Imperial Age
33:29 Stone Mining
33:41 Heavy Plow
34:44 Cavalier
36:55 Two-Man Saw
36:34 Plate Barding Armor
37:02 Blast Furnace
36:43 Ballistics
37:55 Savar
37:58 Light Cavalry
38:31 Fletching
40:32 Kamandaran
40:54 Conscription
42:22 Crossbowman
43:07 Thumb Ring
44:05 Chemistry
43:54 Citadels
46:38 Bodkin Arrow
46:44 Padded Archer Armor
46:49 Squires
46:10 Pikeman
46:33 Hussar
Schvank
9:40 Feudal Age
13:14 Castle Age
11:12 Double-Bit Axe
19:48 Loom
20:42 Wheelbarrow
22:12 Bow Saw
23:04 Horse Collar
24:04 Fletching
25:44 Heavy Plow
25:58 Bodkin Arrow
26:28 Padded Archer Armor
26:31 Gold Mining
28:47 Gold Shaft Mining
28:10 Stone Mining
28:46 Ballistics
29:43 Stone Shaft Mining
29:49 Hand Cart
33:45 Imperial Age
31:45 Leather Archer Armor
31:50 Husbandry
32:13 Bloodlines
33:19 Thumb Ring
33:48 Elite Mangudai
34:50 Conscription
34:05 Capped Ram
35:18 Bracer
36:30 Parthian Tactics
37:09 Chemistry
36:33 Onager
37:50 Drill
40:05 Siege Ram
41:18 Siege Engineers
V
10:01 Feudal Age
10:35 Double-Bit Axe
17:29 Castle Age
17:44 Crossbowman
18:19 Stone Mining
18:43 Fletching
18:54 Padded Archer Armor
18:39 Horse Collar
19:54 Gold Mining
23:28 Ballistics
23:05 Bodkin Arrow
23:25 Leather Archer Armor
25:31 Loom
26:42 Forging
26:33 Scale Mail Armor
26:50 Bow Saw
32:36 Iron Casting
32:16 Chain Mail Armor
32:41 Elite Skirmisher
34:39 Gold Shaft Mining
35:08 Squires
34:29 Pikeman
35:49 Heavy Plow
40:50 Imperial Age
47:08 Fortified Wall
笑春风
11:14 Feudal Age
15:21 Castle Age
13:04 Horse Collar
15:29 Wheelbarrow
16:54 Squires
17:14 Pikeman
18:06 Gambesons
20:36 Loom
38:59 Imperial Age
37:31 Man-at-Arms
37:56 Arson
38:44 Forging
38:34 Scale Mail Armor
38:37 Long Swordsman
40:38 Chain Mail Armor
39:45 Two-Handed Swordsman
41:21 Iron Casting
41:11 Town Watch
42:27 Plate Mail Armor
43:05 Two-Handed Swordsman
44:47 Blast Furnace
Connection lost

Rejoining the realm…

Still unreachable

The connection could not be restored.

Session expired

The server has moved on; the page needs a fresh start.